 Dungeon Crawl Stone Soup version 0.23.2-40-g277498a001 (webtiles) character file.

Game seed: 17548753073048178314

18902 DildoBatman the Geomancer (level 13, -11/89 HPs)
             Began as a Formicid Wizard on Oct 13, 2019.
             Was a High Priest of Kikubaaqudgha.
             Shot with a bolt by an orc knight (31 damage)
             ... on level 1 of the Orcish Mines.
             The game lasted 01:03:33 (13832 turns).

DildoBatman the Geomancer (Formicid Wizard)        Turns: 13832, Time: 01:03:34

Health: -11/89     AC:  9    Str: 13    XL:     13   Next: 0%
Magic:  1/23       EV: 13    Int: 22    God:    Kikubaaqudgha [*****.]
Gold:   796        SH:  5    Dex:  9    Spells: 4/26 levels left

rFire    . . .     SeeInvis +   a - +4 shortbow
rCold    . . .     Gourm    .   y - +0 buckler
rNeg     + . .     Faith    .   h - +4 troll leather armour {Snorg}
rPois    .         Spirit   .   (helmet unavailable)
rElec    .         Reflect  .   (no cloak)
rCorr    .         Harm     .   (no gloves)
MR       ++...                  d - +0 pair of boots
Stlth    ++........             (no amulet)
HPRegen  0.64/turn              r - ring of protection from magic
MPRegen  0.18/turn              A - ring of positive energy

@: very slightly contaminated
A: permanent stasis, dig shafts and tunnels, four strong arms, antennae 3
a: Dig, Shaft Self, Receive Corpses, Torment, Renounce Religion


You were on level 1 of the Orcish Mines.
You worshipped Kikubaaqudgha.
Kikubaaqudgha was extremely pleased with you.
You were not hungry.

You visited 3 branches of the dungeon, and saw 14 of its levels.
You also visited: Bailey.

You collected 948 gold pieces.
You spent 152 gold pieces at shops.

Inventory:

Hand Weapons
 a - a +4 shortbow (weapon)
 b - a +5 mace of freezing
 e - a +3 spear of freezing
Missiles
 k - 162 sling bullets
 o - 173 bolts
 B - 230 arrows (quivered)
Armour
 d - a +0 pair of boots (worn)
 h - a +4 troll leather armour (worn) {Snorg}
 y - a +0 buckler (worn)
Jewellery
 r - a ring of protection from magic (left hand)
 A - a ring of positive energy (right hand)
 K - an uncursed ring of resist corrosion
Wands
 L - a wand of acid (5)
 R - a wand of flame (11)
Scrolls
 c - 2 scrolls of enchant weapon {unknown}
 f - a scroll of vulnerability {unknown}
 j - 5 scrolls of blinking {unknown}
 l - a scroll of enchant armour
 m - 8 scrolls of amnesia
 s - a scroll of noise {unknown}
 t - a scroll of fog {unknown}
 x - 14 scrolls of remove curse
 z - 12 scrolls of identify
 E - 2 scrolls of random uselessness {unknown}
 G - a scroll of torment {unknown}
 H - 2 scrolls of immolation {unknown}
 N - a scroll of acquirement {unknown}
Potions
 i - 2 potions of cancellation
 n - a potion of berserk rage {unknown}
 q - a potion of might
 u - a potion of curing
 w - a potion of ambrosia {unknown}
 C - a potion of experience {unknown}
 D - a potion of magic {unknown}
 F - a potion of haste {unknown}
 J - 5 potions of brilliance
 M - 2 potions of mutation {unknown}
Comestibles
 v - 18 rations


   Skills:
 * Level 4.3 Fighting
 * Level 4.3 Armour
 * Level 4.1 Dodging
 - Level 2.4 Stealth
 * Level 6.1 Shields
 - Level 7.2 Spellcasting
 - Level 6.2 Conjurations
 - Level 4.1 Charms
   Level 1.0 Summonings
 - Level 10.0 Necromancy
   Level 0.8 Translocations
 - Level 5.1 Fire Magic
 - Level 5.0 Air Magic
 - Level 10.0 Earth Magic


You had 4 spell levels left.
You knew the following spells:

 Your Spells              Type           Power        Failure   Level  Hunger
a - Conjure Flame         Conj/Fire      ####....     2%          3    None
b - Borgnjor's Vile Clut  Necr/Erth      ######....   4%          5    #####..
c - Magic Dart            Conj           ####         1%          1    None
d - Regeneration          Chrm/Necr      #####.....   1%          3    None
e - Mephitic Cloud        Conj/Pois/Air  ###.....     6%          3    None
h - Dispel Undead         Necr           ######..     4%          5    #####..
z - Sublimation of Blood  Necr           ######....   1%          2    None

Your spell library contained the following spells:

 Spells                   Type           Power        Failure   Level  Hunger
 Pain                     Necr           ####         1%          1    None
 Corpse Rot               Necr           N/A          1%          2    None
 Poisonous Vapours        Pois/Air       ###...       5%          2    None
 Call Imp                 Summ           ##......     10%         2    None
 Slow                     Hex            #.......     16%         2    None
 Agony                    Necr           ######..     4%          5    #####..
 Excruciating Wounds      Chrm/Necr      #####.....   14%         5    #####..
 Simulacrum               Ice/Necr       ####......   88%         6    ######.
 Freezing Cloud           Conj/Ice/Air   ###.......   97%         6    ######.
 Ring of Flames           Chrm/Fire      ####......   100%        7    #######
 Blink                    Tloc           Unusable     N/A         2    N/A

Dungeon Overview and Level Annotations

Branches:
Dungeon (12/15)            Temple (1/1) D:5            Lair (0/6) D:9
    Orc (1/2) D:12

Altars:
Ashenzari
Cheibriados
Dithmenos
Elyvilon
Fedhas
Gozag
Hepliaklqana
Kikubaaqudgha
Makhleb
Nemelex Xobeh
Okawaru
Qazlal
Ru
Sif Muna
Trog
Uskayaw
Vehumet
Wu Jian
Xom
Yredelemnul
Zin
The Shining One

Shops:
D:4 ?   D:5 !   D:6 [   D:9 *

Annotations:
D:2 exclusions: ogre and phantom
D:3 2 exclusions


Innate Abilities, Weirdness & Mutations

You cannot be hasted, slowed, berserked, paralysed or teleported.
You can dig through walls and to a lower floor.
Your four strong arms can wield two-handed weapons with a shield.
You have a pair of large antennae on your head. (SInv)


Message History

The zombie hands constrict the orc warrior.
The zombie hands constrict the orc.
You kill the orc!
Kikubaaqudgha accepts your kill.
The orc knight shoots a bolt.
The bolt hits you!
Casting: Borgnjor's Vile Clutch (safe; 4% risk of failure)
Confirm with . or Enter, or press ? or * to list all spells.
Aiming: Mephitic Cloud (safe; 6% risk of failure)
Press: ? - help, Shift-Dir - straight line, p - orc knight The ball explodes into a vile cloud!
The stinking cloud engulfs the orc knight but does no damage.
The orc knight is heavily wounded.
The zombie hands constrict the ogre.
The zombie hands constrict the orc knight.
The zombie hands constrict the orc warrior.
The orc knight shoots a bolt.
The bolt hits you!!
You die...
Kikubaaqudgha rasps: "You have failed me!
Welcome... death!"

### ### ##.###.##
#...#..T#######
###.#(^.oo☼○..@#
###....§.oO#######
#$.......#§#
.............
..#.#oT#......#
.oo.....##....#
........####..#
o......§.# ...
###.....##


You could see an orc knight, a troll, an orc warrior, an ogre and an orc priest.

Vanquished Creatures
  An orc warlord (Bailey)
  Snorg (D:11)
  Erica (Orc:1)
  2 two-headed ogres
  An ugly thing (D:12)
  3 orc knights (Bailey)
  2 manticores
  A cyclops (D:11)
  A centaur zombie (D:10)
  3 gargoyles (D:12)
  A komodo dragon (D:9)
  A merfolk (D:10)
  3 trolls
  5 slime creatures
  2 hornets (D:12)
  A hippogriff (D:11)
  A wraith (D:12)
  A wyvern (D:11)
  A steam dragon (D:11)
  Eustachio (D:6)
  2 humans
  A basilisk (D:12)
  A warg (D:12)
  Edmund (D:5)
  2 water moccasins (D:9)
  16 orc warriors
  A sky beast (D:9)
  A black bear (D:6)
  An eye of draining (D:12)
  3 phantoms
  4 ice beasts
  A necrophage (D:10)
  7 ogres
  6 centaurs
  Blork the orc (D:5)
  5 bullfrogs
  A scorpion (D:10)
  5 killer bees (D:10)
  2 howler monkeys (D:11)
  14 wights
  2 bullfrog zombies
  2 crimson imps
  7 hounds
  A quasit (D:10)
  6 jellies
  9 orc priests
  3 centaur skeletons
  13 orc wizards
  2 bullfrog skeletons (D:12)
  3 iguanas
  7 worker ants
  A killer bee zombie (D:8)
  2 hound zombies
  A howler monkey zombie (D:2)
  A worker ant zombie (D:7)
  11 gnolls (Bailey)
  9 adders
  2 shadow imps
  An ooze (D:3)
  An adder zombie (D:9)
  A worm (D:2)
  4 dart slugs
  9 leopard geckos
  84 orcs
  8 giant cockroaches
  25 goblins
  21 hobgoblins
  7 jackals
  9 kobolds
  6 quokkas
  7 bats
  4 frilled lizards
  A jackal zombie (D:7)
  A leopard gecko skeleton (D:4)
  8 rats
387 creatures vanquished.

Vanquished Creatures (collateral kills)
  A killer bee (D:10)
1 creature vanquished.

Vanquished Creatures (others)
  A worker ant (D:2)
  5 plants (D:9)
  5 toadstools (D:1)
11 creatures vanquished.

Grand Total: 399 creatures vanquished

Notes
Turn   | Place    | Note
-------+----------+-------------------------------------------
     0 | D:1      | DildoBatman the Formicid Wizard began the quest for the
                  | Orb.
     0 | D:1      | Reached XP level 1. HP: 13/13 MP: 4/4
    14 | D:1      | Reached skill level 1 in Conjurations
   300 | D:1      | Reached XP level 2. HP: 17/19 MP: 0/6
  1028 | D:1      | Reached XP level 3. HP: 24/24 MP: 0/7
  1036 | D:1      | Learned a level 3 spell: Conjure Flame
  1040 | D:1      | Learned a level 3 spell: Mephitic Cloud
  1956 | D:2      | Reached XP level 4. HP: 22/30 MP: 4/8
  2419 | D:2      | Found a stormy altar of Qazlal.
  2883 | D:3      | Reached XP level 5. HP: 35/35 MP: 4/9
  3824 | D:4      | Noticed a phantom
  3846 | D:3      | Noticed an ogre
  4269 | D:4      | Noticed an ogre
  4284 | D:4      | Killed an ogre
  4284 | D:4      | Reached XP level 6. HP: 41/41 MP: 3/10
  4480 | D:4      | Found Ucaud's Magic Scroll Shop.
  4487 | D:4      | Bought a scroll of magic mapping for 42 gold pieces
  4509 | D:5      | Entered Level 5 of the Dungeon
  4514 | D:5      | Found a staircase to the Ecumenical Temple.
  4524 | Temple   | Entered the Ecumenical Temple
  4747 | Temple   | Became a worshipper of Kikubaaqudgha
  4913 | D:5      | Noticed Blork the orc
  4944 | D:5      | Killed Blork the orc
  4944 | D:5      | Reached skill level 5 in Conjurations
  5355 | D:5      | Found Xalutyg's Distillery.
  5396 | D:5      | Bought 2 potions of heal wounds for 110 gold pieces
  5635 | D:6      | Found Cehiriat's Antique Armour Emporium.
  5769 | D:6      | Reached XP level 7. HP: 46/46 MP: 11/11
  5835 | D:6      | Noticed Eustachio
  5901 | D:6      | Noticed Edmund
  5950 | D:5      | Killed Edmund
  5950 | D:5      | Reached skill level 1 in Fire Magic
  5950 | D:5      | Reached skill level 1 in Air Magic
  6100 | D:6      | Killed Eustachio
  6100 | D:6      | Reached XP level 8. HP: 42/52 MP: 6/12
  6729 | D:7      | Reached * piety under Kikubaaqudgha
  6729 | D:7      | Identified Kikubaaqudgha's Almanac of Stolen Souls
                  | (Kikubaaqudgha gifted it to you on level 7 of the Dungeon)
  6729 | D:7      | Received a gift from Kikubaaqudgha
  7120 | D:7      | Reached XP level 9. HP: 57/57 MP: 1/13
  7127 | D:7      | Learned a level 2 spell: Sublimation of Blood
  7131 | D:7      | Learned a level 3 spell: Regeneration
  7294 | D:7      | Reached skill level 5 in Fire Magic
  7382 | D:7      | Found an ornate altar of the Wu Jian Council.
  7657 | D:8      | Reached skill level 5 in Air Magic
  7665 | D:8      | Reached skill level 1 in Charms
  7665 | D:8      | Reached skill level 1 in Necromancy
  8006 | D:8      | Reached ** piety under Kikubaaqudgha
  8268 | D:8      | Noticed a two-headed ogre
  8434 | D:8      | Killed a two-headed ogre
  8434 | D:8      | Reached skill level 5 in Spellcasting
  8434 | D:8      | Reached XP level 10. HP: 63/63 MP: 14/18
  8911 | D:9      | Found Kabin's Assorted Antiques.
  9023 | D:9      | Reached skill level 5 in Necromancy
  9095 | D:9      | Found a staircase to the Lair.
  9095 | D:9      | Noticed a komodo dragon
  9112 | D:9      | Killed a komodo dragon
  9339 | D:9      | Noticed a two-headed ogre
  9367 | D:9      | Killed a two-headed ogre
  9881 | D:10     | Entered Level 10 of the Dungeon
 10156 | D:10     | Reached *** piety under Kikubaaqudgha
 10156 | D:10     | Identified Kikubaaqudgha's Reference Book on Evil Rituals
                  | (Kikubaaqudgha gifted it to you on level 10 of the Dungeon)
 10156 | D:10     | Received a gift from Kikubaaqudgha
 10220 | D:10     | Learned a level 5 spell: Dispel Undead
 10226 | D:10     | Learned a level 5 spell: Borgnjor's Vile Clutch
 10251 | D:10     | Reached XP level 11. HP: 68/68 MP: 4/21
 10291 | D:10     | Reached skill level 1 in Earth Magic
 11195 | D:11     | Noticed Snorg
 11214 | D:11     | Noticed a manticore
 11233 | D:11     | Found a flagged portal.
 11258 | D:11     | Killed a manticore
 11258 | D:11     | Reached skill level 5 in Earth Magic
 11271 | D:11     | Killed Snorg
 11312 | Bailey   | Entered a bailey
 11424 | Bailey   | Noticed an orc knight
 11429 | Bailey   | Noticed an orc warlord
 11438 | Bailey   | Reached **** piety under Kikubaaqudgha
 11478 | Bailey   | Killed an orc knight
 11697 | Bailey   | Noticed an orc knight
 11732 | Bailey   | Killed an orc knight
 11818 | Bailey   | Noticed an orc knight
 11825 | Bailey   | Killed an orc knight
 11941 | Bailey   | Killed an orc warlord
 11941 | Bailey   | Reached skill level 10 in Earth Magic
 11941 | Bailey   | Reached XP level 12. HP: 22/74 MP: 2/22
 12416 | D:11     | Reached skill level 10 in Necromancy
 12524 | D:11     | Reached ***** piety under Kikubaaqudgha
 12840 | D:12     | Reached skill level 1 in Fighting
 12840 | D:12     | Reached skill level 1 in Armour
 13226 | D:12     | Reached skill level 5 in Shields
 13401 | D:12     | Found a staircase to the Orcish Mines.
 13709 | Orc:1    | Entered Level 1 of the Orcish Mines
 13709 | Orc:1    | Noticed Erica
 13808 | Orc:1    | Killed Erica
 13808 | Orc:1    | Reached XP level 13. HP: 22/89 MP: 12/23
 13832 | Orc:1    | Shot with a bolt by an orc knight

Skill      XL: |  1  2  3  4  5  6  7  8  9 10 11 12 |
---------------+-------------------------------------+-----
Conjurations   | 1 2 3 4 5 6 |  6.2
Shields        | 3 6 |  6.1
Fire Magic     | 2 4 5 |  5.1
Air Magic      | 2 4 5 |  5.0
Charms         | 4 |  4.1
Necromancy     | 4 7 9 10 | 10.0
Spellcasting   | 5 7 |  7.2
Earth Magic    | 10 | 10.0
Dodging        | 4 |  4.1
Fighting       | 4 |  4.3
Armour         | 4 |  4.3
Stealth        | |  2.4
Summonings     | |  1.0
Translocations | |  0.8

Action                   |  1- 3 |  4- 6 |  7- 9 | 10-12 | 13-15 || total
-------------------------+-------+-------+-------+-------+-------++-------
Melee: Spear             |    12 |       |       |    49 |       ||    61
       Short sword       |     2 |    44 |    16 |       |       ||    62
       Mace              |       |       |     1 |   273 |       ||   274
 Fire: Hunting sling     |       |    41 |   255 |       |       ||   296
       Shortbow          |       |       |    47 |   312 |     4 ||   363
 Cast: Magic Dart        |    89 |    70 |    14 |    42 |       ||   215
       Conjure Flame     |       |     5 |    24 |    58 |     1 ||    88
       Mephitic Cloud    |       |     5 |    25 |    50 |     1 ||    81
       Regeneration      |       |       |     1 |    39 |       ||    40
       Sublimation of Bl |       |       |       |    49 |       ||    49
       Borgnjor's Vile C |       |       |       |    46 |     1 ||    47
       Dispel Undead     |       |       |       |     1 |       ||     1
 Abil: Dig               |     2 |     4 |     1 |     9 |     1 ||    17
Evoke: Wand              |       |       |       |     4 |       ||     4
  Use: Scroll            |       |     9 |       |     3 |       ||    12
       Potion            |       |       |       |     9 |       ||     9
 Stab: Sleeping          |       |     2 |       |       |       ||     2
       Confused          |       |       |     1 |     9 |       ||    10
  Eat: Chunk             |     3 |    13 |    13 |    32 |       ||    61
       Ration            |       |       |       |       |     1 ||     1
Armor: Robe              |     5 |    11 |     3 |       |       ||    19
       Leather armour    |       |       |     3 |    33 |       ||    36
       Troll leather arm |       |       |       |   108 |       ||   108
Dodge: Dodged            |    15 |    38 |    36 |   224 |     1 ||   314
Block: Buckler           |       |     4 |     7 |    75 |       ||    86
